 Dungeon Crawl Stone Soup version 0.18.1-8-gdd0e5ea (webtiles) character file.

220 Denchik the Covert (level 5, -2/34 HPs)
             Began as an Octopode Assassin on June 11, 2016.
             Slain by a phantom (6 damage)
             ... on level 3 of the Dungeon.
             The game lasted 00:06:25 (3686 turns).

Denchik the Covert (Octopode Assassin)              Turns: 3686, Time: 00:06:26

Health: -2/34      AC:  1    Str: 10    XL:     5   Next: 97%
Magic:  5/5        EV: 13    Int: 14    God:
Gold:   166        SH:  0    Dex: 14    Spells: 0 memorised, 4 levels left

rFire  . . .     SeeInvis .     a - +2 dagger
rCold  . . .     Gourm    .     (no shield)
rNeg   . . .     Faith    .     (helmet restricted)
rPois  .         Spirit   .     (no amulet)
rElec  .         Dismiss  .     (no ring)
rCorr  .         Reflect  .     (no ring)
SustAt .         Harm     .     (no ring)
MR     .....                    (no ring)
Stlth  +++++.....               (no ring)
                                (no ring)
                                (no ring)
                                (no ring)

@: not resistant to hostile enchantments, quite stealthy
A: almost no armour, amphibious, 8 rings, constrict 8, camouflage 1, gelatinous
body 1
a: no special abilities


You were on level 3 of the Dungeon.
You were not hungry.

You visited 1 branch of the dungeon, and saw 4 of its levels.

You collected 166 gold pieces.

Inventory:

Hand Weapons
 a - a +2 dagger (weapon)
 b - a +0 blowgun
Missiles
 c - 8 poisoned needles
 d - 2 curare-tipped needles
Armour
 m - a +0 pair of gloves
Scrolls
 e - a scroll of recharging {unknown}
 i - a scroll of remove curse {unknown}
 j - 4 scrolls of teleportation {unknown}
 o - 2 scrolls of magic mapping {unknown}
 p - 4 scrolls of identify {unknown}
 r - 5 scrolls of noise {unknown}
 t - a scroll of enchant weapon {unknown}
 u - a scroll of enchant armour {unknown}
Potions
 g - a potion of magic {unknown}
 h - a potion of berserk rage {unknown}
 k - a potion of invisibility {unknown}
 q - a potion of lignification {unknown}
 s - a potion of flight {unknown}
 v - a potion of cure mutation {unknown}
 x - a potion of heal wounds {unknown}
Comestibles
 f - 4 bread rations
 l - a chunk of flesh
 n - 2 beef jerkies
 w - a meat ration


   Skills:
 + Level 2.2 Fighting
 * Level 2.7 Short Blades
 - Level 2.0 Throwing
 + Level 2.5 Dodging
 * Level 8.4 Stealth


You had 4 spell levels left.
You didn't know any spells.

Dungeon Overview and Level Annotations

Branches:
Dungeon (4/15)
 Temple: D:4-7

Altars:
Fedhas
Pakellas
Ru


Innate Abilities, Weirdness & Mutations

You cannot wear most types of armour.
You are amphibious.
You can wear up to eight rings at the same time.
You can use your tentacles to constrict eight enemies at once.
Your skin changes colour to match your surroundings (Stealth).
Your rubbery body absorbs attacks (AC +1).


Message History

The phantom hits you!
The phantom blinks!
You hit the adder. You grab the adder. You squeeze the adder!
You kill the adder!
Some of the chunks of flesh in your inventory have rotted away.
The phantom misses you.
You hit the phantom but do no damage. The phantom hits you.
You hit the phantom but do no damage.
The phantom blinks!
The phantom hits you!
You hit the phantom. You squeeze the phantom.
The phantom is moderately damaged.
The phantom hits you.
You hit the phantom.
The phantom is moderately damaged.
The phantom hits you!
* * * LOW HITPOINT WARNING * * *
You hit the phantom but do no damage.
The phantom is moderately damaged.
The phantom hits you.
You die...

#.....#.#.##.##........#.....
#.....'.#.#............######
#....)###.#.)#...............
#####.# #.#.....#####..######
#.# #.).....# #........ ###.#
###..##.#####........ #.).#
#.[....#.....#...... ####.###
##..W..#.#########.# #.....#
#.@...#.....# #.#
#.....######.###.#.....## #)#
#.....'.................# #[#
#.....######(###.#......#
##.# #..)..# #............#
#..( #.....#
#####.##.....###..# #.....#
..# ....(#..... #.....# ###
####.#.#..# ####### #.#..#


You could see a phantom.

Vanquished Creatures
  A worker ant (D:3)
  2 orc wizards (D:3)
  6 adders
  A worm (D:2)
  4 dart slugs (D:1)
  A giant gecko (D:1)
  10 orcs
  4 bats
  A giant cockroach (D:1)
  4 goblins
  4 hobgoblins
  15 jackals
  7 kobolds
  A ball python (D:1)
  4 giant newts
  3 rats (D:1)
68 creatures vanquished.

Notes
Turn   | Place    | Note
--------------------------------------------------------------
     0 | D:1      | Denchik the Octopode Assassin began the quest for the Orb.
     0 | D:1      | Reached XP level 1. HP: 14/14 MP: 1/1
   359 | D:1      | Reached XP level 2. HP: 18/19 MP: 2/2
   408 | D:1      | Reached skill level 6 in Stealth
   953 | D:1      | Reached XP level 3. HP: 24/24 MP: 3/3
  1267 | D:2      | Found a blossoming altar of Fedhas.
  1582 | D:2      | Found a sacrificial altar of Ru.
  1776 | D:2      | Reached skill level 7 in Stealth
  1776 | D:2      | Reached XP level 4. HP: 19/29 MP: 4/4
  1976 | D:2      | Found an oddly glowing altar of Pakellas.
  3014 | D:3      | Reached XP level 5. HP: 33/34 MP: 5/5
  3447 | D:3      | Reached skill level 8 in Stealth
  3672 | D:3      | Noticed a phantom
  3686 | D:3      | Slain by a phantom

Skill      XL: |  1  2  3  4  5 |
---------------+----------------+-----
Stealth        | 6 7 8 |  8.4
Dodging        | 2 |  2.5
Fighting       | |  2.2
Short Blades   | |  2.7
Throwing       | |  2.0

Action                   |  1- 3 |  4- 6 || total
-------------------------+-------+-------++-------
Melee: Dagger            |    70 |    92 ||   162
       Constrict         |    16 |    20 ||    36
       Tentacles         |    11 |    20 ||    31
 Stab: Sleeping          |    11 |     7 ||    18
       Distracted        |       |     1 ||     1
  Eat: Chunk             |     3 |     6 ||     9
Armor: Skin              |     8 |     3 ||    11
Dodge: Dodged            |    50 |    36 ||    86
